 Dungeon Crawl Stone Soup version 0.23.1 (webtiles) character file.

Game seed: 1357088100007234667

2064 OdinFK the Thaumaturge (level 9, -8/47 HPs)
             Began as a Deep Elf Fire Elementalist on Mar 5, 2019.
             Was an Initiate of Vehumet.
             Shot with a sling bullet by Joseph (21 damage)
             ... on level 8 of the Dungeon.
             The game lasted 00:30:53 (6079 turns).

OdinFK the Thaumaturge (Deep Elf Fire Elementalist) Turns: 6079, Time: 00:30:53

Health: -8/47      AC:  2    Str:  5    XL:     9   Next: 5%
Magic:  6/24       EV: 11    Int: 27    God:    Vehumet [......]
Gold:   257        SH:  0    Dex: 15    Spells: 9/27 levels left

rFire    . . .     SeeInvis .   f - +0 dagger
rCold    . . .     Gourm    .   (no shield)
rNeg     . . .     Faith    .   a - +0 robe
rPois    .         Spirit   .   (no helmet)
rElec    .         Reflect  .   (no cloak)
rCorr    .         Harm     .   (no gloves)
MR       .....                  (no boots)
Stlth    ++........             (no amulet)
HPRegen  0.15/turn              y - -3 ring of evasion (curse)
MPRegen  0.19/turn              e - +3 ring of intelligence

@: marked
A: no striking features
a: Renounce Religion


You were on level 8 of the Dungeon.
You worshipped Vehumet.
Vehumet was noncommittal.
You were not hungry.

You visited 2 branches of the dungeon, and saw 9 of its levels.

You collected 335 gold pieces.
You spent 78 gold pieces at shops.

Inventory:

Hand Weapons
 f - a +0 dagger (weapon)
Armour
 a - a +0 robe (worn)
Jewellery
 e - a +3 ring of intelligence (right hand)
 h - an uncursed ring of stealth
 x - a +4 ring of protection
 y - a cursed -3 ring of evasion (left hand)
Wands
 v - a wand of disintegration (7)
 z - a wand of flame (16)
Scrolls
 m - 4 scrolls of immolation
 o - 2 scrolls of enchant armour
 p - 2 scrolls of blinking
 q - 5 scrolls of teleportation
 r - 2 scrolls of remove curse
 s - 2 scrolls of fog
 t - 3 scrolls of amnesia
Potions
 b - 2 potions of cancellation
 d - a potion of berserk rage
 g - a potion of ambrosia {unknown}
 i - 2 potions of lignification
 j - 3 potions of flight
 k - 3 potions of heal wounds
 l - a potion of magic {unknown}
 n - 3 potions of brilliance {unknown}
 u - a potion of might
Comestibles
 c - 15 rations


   Skills:
 + Level 1.0 Fighting
 + Level 0.4 Short Blades
 + Level 3.7 Dodging
 - Level 2.4 Stealth
 + Level 9.5 Spellcasting
 + Level 7.7 Conjurations
 + Level 7.2 Fire Magic


You had 9 spell levels left.
You knew the following spells:

 Your Spells              Type           Power        Failure   Level  Hunger
a - Flame Tongue          Conj/Fire      #####        1%          1    None
b - Throw Flame           Conj/Fire      ######       1%          2    None
c - Conjure Flame         Conj/Fire      ######..     1%          3    None
d - Sticky Flame          Conj/Fire      ######..     1%          4    None
e - Fireball              Conj/Fire      ######....   6%          5    ####...
f - Magic Dart            Conj           ####         1%          1    None
g - Blink                 Tloc           N/A          7%          2    None

Your spell library contained the following spells:

 Spells                   Type           Power        Failure   Level  Hunger
 Inner Flame              Hex/Fire       ####....     3%          3    None
 Beastly Appendage        Tmut           ##....       4%          1    None
 Mephitic Cloud           Conj/Pois/Air  ####....     4%          3    None
 Call Imp                 Summ           ##......     7%          2    None
 Slow                     Hex            ##......     7%          2    None
 Sticks to Snakes         Tmut           ##......     7%          2    None
 Spider Form              Tmut/Pois      ##........   14%         3    None
 Ice Form                 Ice/Tmut       ##......     41%         4    None
 Blade Hands              Tmut           ##........   77%         5    ####...


Dungeon Overview and Level Annotations

Branches:
Dungeon (8/15)             Temple (1/1) D:4
   Lair: D:8-11

Altars:
Ashenzari
Cheibriados
Dithmenos
Elyvilon
Fedhas
Gozag
Hepliaklqana
Kikubaaqudgha
Makhleb
Nemelex Xobeh
Okawaru
Qazlal
Ru
Sif Muna
Trog
Uskayaw
Vehumet
Wu Jian
Xom
Yredelemnul
Zin
The Shining One
Lugonu

Shops:
D:5 ?

Annotations:
D:3 Grinder
D:7 Prince Ribbit
D:8 Erica, Joseph


Message History

Erica the Fiery-Tempered comes into view.
She is wielding a +4 scimitar of flaming.
The killer bee zombie hits you!
The big kobold throws a stone.
The stone hits you. The killer bee zombie misses you.
Erica gestures wildly while chanting.
Erica flickers and vanishes!
Deactivating autopickup; reactivate with Ctrl-A.
You see here a stone.
The killer bee zombie hits you.
* * * LOW HITPOINT WARNING * * *
Joseph shoots a sling bullet.
The big kobold throws a stone.
The stone hits you but does no damage.
There is a stone staircase leading down, spattered with blood here.
You see here a stone.
The killer bee zombie hits you but does no damage.
A leopard gecko skeleton comes into view.
Joseph shoots a sling bullet.
A centaur comes into view.
The killer bee zombie closely misses you.
Joseph shoots a sling bullet.
The sling bullet hits you!!
You die...

....... .... ......#
...... . #....# ......#
..### c....####......#
..... #.#....$........
####..##.#..?#........
#........#............
#......@Z>.(......##.#.
..........(..#.........
#............##..#...$
#.........#..##..# .#
#............<...#
####.(....##.#...#
#(#.Z..##.##..#
.@#.####.K...... ..
#........#


You could see Joseph, a killer bee zombie and a leopard gecko skeleton.

Vanquished Creatures
  A hippogriff (D:7)
  A sky beast (D:8)
  2 orc warriors
  2 black bears (D:6)
  A phantom (D:7)
  A hornet zombie (D:7)
  An ogre (D:4)
  A centaur (D:7)
  2 bullfrogs (D:6)
  A gnoll sergeant (D:6)
  3 scorpions
  A howler monkey (D:7)
  A bullfrog zombie (D:5)
  2 orc priests
  A hound (D:6)
  5 orc wizards
  4 iguanas
  Terence (D:3)
  Natasha (thrice) (D:2)
  2 worker ants
  A killer bee zombie (D:6)
  2 hound skeletons (D:5)
  3 gnolls (D:6)
  An adder (D:7)
  An adder zombie (D:6)
  2 worms
  2 dart slugs
  8 leopard geckos
  17 orcs
  8 bats
  5 giant cockroaches
  4 goblins
  4 hobgoblins
  14 jackals
  6 kobolds
  3 quokkas
  3 ball pythons
  8 frilled lizards
  A leopard gecko zombie (D:6)
  11 rats
140 creatures vanquished.

Notes
Turn   | Place    | Note
-------+----------+-------------------------------------------
     0 | D:1      | OdinFK the Deep Elf Fire Elementalist began the quest for
                  | the Orb.
     0 | D:1      | Reached XP level 1. HP: 10/10 MP: 6/6
   219 | D:1      | Reached XP level 2. HP: 15/15 MP: 2/8
   223 | D:1      | Learned a level 2 spell: Throw Flame
   422 | D:1      | Found a shimmering altar of Xom.
   888 | D:1      | Reached XP level 3. HP: 19/19 MP: 1/9
  1140 | D:2      | Noticed Natasha
  1153 | D:2      | Killed Natasha
  1233 | D:2      | Noticed Natasha
  1282 | D:2      | Reached XP level 4. HP: 16/24 MP: 4/11
  1388 | D:2      | Killed Natasha
  1388 | D:2      | Reached skill level 4 in Spellcasting
  1540 | D:2      | Noticed Natasha
  1545 | D:2      | Killed Natasha
  1550 | D:2      | Learned a level 3 spell: Conjure Flame
  1555 | D:2      | Learned a level 4 spell: Sticky Flame
  1700 | D:2      | Found an ornate altar of the Wu Jian Council.
  1953 | D:3      | Found an iron altar of Okawaru.
  1956 | D:3      | Reached XP level 5. HP: 28/28 MP: 10/13
  1960 | D:3      | Noticed Grinder
  2393 | D:3      | Noticed Terence
  2433 | D:3      | Killed Terence
  2778 | D:4      | Found a white marble altar of Elyvilon.
  2910 | D:4      | Found a snail-covered altar of Cheibriados.
  2941 | D:4      | Found an opulent altar of Gozag.
  3008 | D:4      | Noticed an ogre
  3017 | D:4      | Killed an ogre
  3017 | D:4      | Reached skill level 5 in Fire Magic
  3017 | D:4      | Reached XP level 6. HP: 32/32 MP: 5/15
  3183 | D:4      | Found a staircase to the Ecumenical Temple.
  3274 | Temple   | Entered the Ecumenical Temple
  3443 | D:5      | Entered Level 5 of the Dungeon
  3460 | D:5      | Found Waploce's Magic Scroll Emporium.
  3463 | D:5      | Bought a scroll of teleportation for 39 gold pieces
  3505 | D:5      | Found a shimmering altar of Xom.
  3516 | D:5      | Reached skill level 5 in Spellcasting
  3760 | D:5      | Reached skill level 5 in Conjurations
  3981 | D:5      | Bought a scroll of teleportation for 39 gold pieces
  4085 | D:5      | Found a shadowy altar of Dithmenos.
  4254 | D:6      | Reached XP level 7. HP: 33/37 MP: 11/17
  4261 | D:6      | Learned a level 5 spell: Fireball
  4285 | D:6      | Found a bloodstained altar of Trog.
  4296 | D:6      | Reached skill level 6 in Spellcasting
  4375 | D:6      | Learned a level 1 spell: Magic Dart
  4378 | D:6      | Learned a level 2 spell: Blink
  4403 | D:6      | Reached skill level 7 in Spellcasting
  4454 | D:6      | Found an opulent altar of Gozag.
  4865 | D:6      | Reached XP level 8. HP: 29/42 MP: 5/21
  5160 | D:6      | Reached skill level 8 in Spellcasting
  5334 | D:7      | Noticed Prince Ribbit
  5744 | D:7      | Reached skill level 1 in Fighting
  5744 | D:7      | Reached skill level 9 in Spellcasting
  5927 | D:7      | Found a radiant altar of Vehumet.
  5936 | D:7      | Became a worshipper of Vehumet
  6003 | D:7      | Noticed a hippogriff
  6022 | D:7      | Killed a hippogriff
  6022 | D:7      | Reached XP level 9. HP: 40/47 MP: 5/24
  6064 | D:8      | Found a stormy altar of Qazlal.
  6067 | D:8      | Found a deep blue altar of Sif Muna.
  6073 | D:8      | Noticed Joseph
  6076 | D:8      | Noticed Erica
  6079 | D:8      | Shot with a sling bullet by Joseph

Skill      XL: |  1  2  3  4  5  6  7  8 |
---------------+-------------------------+-----
Fire Magic     | 4 5 7 |  7.2
Conjurations   | 2 3 4 5 6 7 |  7.7
Spellcasting   | 4 5 7 9 |  9.5
Dodging        | 3 |  3.7
Fighting       | 1 |  1.0
Short Blades   | |  0.4
Stealth        | |  2.4

Action                   |  1- 3 |  4- 6 |  7- 9 || total
-------------------------+-------+-------+-------++-------
Melee: Dagger            |     6 |    13 |    10 ||    29
 Cast: Flame Tongue      |    54 |    75 |    60 ||   189
       Throw Flame       |    12 |    46 |    37 ||    95
       Sticky Flame      |       |     8 |    17 ||    25
       Conjure Flame     |       |     1 |     4 ||     5
       Fireball          |       |       |     4 ||     4
  Use: Scroll            |       |    13 |       ||    13
       Potion            |       |       |     1 ||     1
 Stab: Sleeping          |     1 |     1 |     1 ||     3
  Eat: Chunk             |     2 |    10 |     9 ||    21
Armor: Robe              |     9 |     3 |     4 ||    16
Dodge: Dodged            |    27 |    25 |    37 ||    89
